 Dungeon Crawl Stone Soup version 0.30-a0-672-gc3a7216ad8 (webtiles) character file.

Game seed: 13233292259023880776

70 Dittersdorf the Trooper (level 4, -1/29 HPs)
             Began as a Gargoyle Fighter on Jan 18, 2023.
             Slain by Sigmund
             ... wielding a +0 scythe
              (4 damage)
             ... on level 2 of the Dungeon.
             The game lasted 00:02:14 (1315 turns).

Dittersdorf the Trooper (Gargoyle Fighter)          Turns: 1315, Time: 00:02:15

Health: -1/29      AC: 13    Str: 21    XL:     4   Next: 22%
Magic:  4/4        EV:  7    Int:  9    God:
Gold:   49         SH:  4    Dex:  9    Spells: 3/3 levels left

rFire   . . .      SeeInvis .    a - +0 flail
rCold   . . .      Faith    .    c - +0 buckler
rNeg    + . .      Spirit   .    g - +0 chain mail
rPois   ∞          Reflect  .    (no helmet)
rElec   +          Harm     .    (no cloak)
rCorr   .          Rampage  .    (no gloves)
Will    .....                    (no boots) Stlth
                                 (no amulet)
HPRegen 0.24/turn                (no ring)
MPRegen 0.09/turn                (no ring)

@: mighty
A: sickness immunity, AC +3, negative energy resistance 1, electricity
resistance, torment resistance 1, petrification resistance
a: no special abilities


You were on level 2 of the Dungeon.
You visited 1 branch of the dungeon, and saw 2 of its levels.

You collected 49 gold pieces.

Inventory:

Hand Weapons
 a - a +0 flail (weapon)
Armour
 c - a +0 buckler (worn)
 g - a +0 chain mail (worn)
Scrolls
 e - a scroll of immolation {unknown}
 h - a scroll of amnesia {unknown}
 i - a scroll of enchant weapon {unknown}
 j - a scroll of identify {unknown}
 k - a scroll of torment {unknown}
Potions
 b - a potion of berserk rage {unknown}
 d - a potion of might
 f - 3 potions of flight {unknown}
 l - a potion of attraction {unknown}


   Skills:
 + Level 3.9 Fighting
 + Level 2.8 Maces & Flails
 + Level 3.9 Armour
 + Level 3.9 Shields


You had 3 spell levels left.
You didn't know any spells.
Your spell library contained the following spells:

 Spells                   Type           Power      Damage    Failure   Level
 Poisonous Vapours        Pois/Air       0%         N/A       100%        2
 Ignite Poison            Fire/Tmut/Pois 0%         N/A       100%        3
 Eringya's Noxious Bog    Tmut/Pois      0%         N/A       100%        6
 Fire Storm               Conj/Fire      0%         5d1       100%        9


Dungeon Overview and Level Annotations

Branches:
Dungeon (2/15)

Altars:

Annotations:
D:2 Sigmund


Innate Abilities, Weirdness & Mutations

You are immune to sickness and miasma.
Your stone body is resilient. (AC +3)
You are immune to poison.
You resist negative energy. (rN+)
You are resistant to electric shocks. (rElec)
You are resistant to unholy torment.
You are immune to petrification.


Message History

You thump the kobold!
You kill the kobold!
You block the bat's attack. You block something's attack.
The ball python bites you. The ball python constricts you.
The bat hits you but does no damage.
You thump the bat!
You kill the bat!
The ball python bites you but does no damage.
The ball python constricts you. Something hits you!
The ball python bites you but does no damage.
The ball python constricts you.
You hit the ball python.
You kill the ball python!
Something hits you but does no damage.
You barely miss something. Something hits you but does no damage.
You closely miss something.
You hear some strange, mumbled words.
A magic dart appears from out of thin air!
The magic dart hits you but does no damage.
You barely miss something. Something hits you but does no damage.
You sock something! Something hits you but does no damage.
You miss something. You barely miss something.
Something hits you but does no damage.
You miss something. Something hits you.
You miss something. Something hits you.
You hit something. Something hits you.
You barely miss something. Something hits you.
* * * LOW HITPOINT WARNING * * *
You barely miss something. Something hits you but does no damage.
You miss something. Something hits you.
* * * LOW HITPOINT WARNING * * *
You miss something. You closely miss something.
Something hits you but does no damage.
You hit something.
You hear some strange, mumbled words.
A puff of flame appears from out of thin air!
The puff of flame hits you but does no damage.
You miss something. Something hits you but does no damage.
You closely miss something. Something hits you.
You die...

# # .# #. .!#. ..
... ....
#######.######.....
#......{)..........
#......@...........
#.?................
#.................
#
##....>.†.........
. ##..........##..
. #########.## ..
#.# ...# #.## #...
#..#### #...


There were no monsters in sight!

Vanquished Creatures
  An adder (D:1)
  3 worms (D:2)
  2 dart slugs
  3 endoplasms
  6 hobgoblins
  3 quokkas
  7 ball pythons
  7 bats
  2 frilled lizards
  4 goblins
  6 kobolds
  5 rats
49 creatures vanquished.

Notes
Turn   | Place    | Note
-------+----------+-------------------------------------------
     0 | D:1      | Dittersdorf the Gargoyle Fighter began the quest for the
                  | Orb.
     0 | D:1      | Reached XP level 1. HP: 14/14 MP: 1/1
   120 | D:1      | Reached XP level 2. HP: 18/19 MP: 2/2
   385 | D:1      | Got the Handbook of the Intoxicating Salamander
   635 | D:1      | Reached XP level 3. HP: 20/23 MP: 3/3
   958 | D:2      | Noticed Sigmund
  1183 | D:2      | Reached XP level 4. HP: 29/29 MP: 4/4
  1315 | D:2      | Slain by Sigmund

Illustrated notes

Levels and vault maps discovered:
D:1:      lemuel_arrival_tunnels, layout_basic, grunt_decor_fettered,
          minmay_misc_feat_five
D:2:      minmay_diamond_boxcup, layout_rooms, uniq_sigmund

Action                   |  1- 3 |  4- 6 || total
-------------------------+-------+-------++-------
Melee: Flail             |   133 |    37 ||   170
  Use: Potion            |       |     1 ||     1
Armor: Scale mail        |     9 |       ||     9
       Chain mail        |    77 |    28 ||   105
Dodge: Dodged            |    88 |     6 ||    94
Block: Buckler           |    28 |     5 ||    33

Table legend: (Time is in decaauts)
 A = Elapsed time spent in this place.
 B = Non-inter-level travel time spent in this place.
 C = Inter-level travel time spent in this place.
 D = Time resting spent in this place.
 E = Time spent auto-exploring this place.
 F = Levels seen in this place.
 G = Mean time per level.
                   A        B        C        D        E       F      G
               +--------+--------+--------+--------+--------+-----+--------+
         Total |   1368 |   1317 |     51 |     66 |    846 |   2 |  684.0 |
       Dungeon |   1368 |   1317 |     51 |     66 |    846 |   2 |  684.0 |
               +--------+--------+--------+--------+--------+-----+--------+

Top non-repeatable levels by time:
     D:1: 887 daAuts
     D:2: 480 daAuts
